 Dungeon Sprint DCSS version 0.28.0-43-g3370ac3207 (webtiles) character file.

Game seed: 16145403563054265766

2949 boopmooplesden the Severer (level 9, -4/70 (100) HPs)
             Began as a Minotaur Berserker on Mar 15, 2022.
             Was an Elder of Trog.
             Slain by Sonja
             ... wielding a +2 dagger of draining
              (6 damage)
             ... in the Dungeon (Sprint I: "Red Sonja").
             The game lasted 00:02:07 (1116 turns).

boopmooplesden the Severer (Minotaur Berserker)     Turns: 1116, Time: 00:02:10

HP:   -4/70 (100)   AC:  0    Str: 22    XL:     9   Next: 51%
MP:   8/8           EV: 18    Int:  6    God:    Trog [****..]
Gold: 356           SH:  0    Dex: 12    Spells: 8/8 levels left

rFire   . . .      SeeInvis .   (weapon currently unavailable)
rCold   . . .      Faith    .   (shield currently unavailable)
rNeg    . . .      Spirit   .   (armour currently unavailable)
rPois   .          Reflect  .   (helmet currently unavailable)
rElec   .          Harm     .   (cloak currently unavailable)
rCorr   .          Rampage  .   (gloves currently unavailable)
Will    .....      NoTele   +   (boots currently unavailable)
Stlth   ++........              (no amulet)
HPRegen 0.21/turn               (ring currently unavailable)
MPRegen 0.11/turn               (ring currently unavailable)

@: pig-form, on berserk cooldown, slowed, very heavily drained
A: fast, no casting, small, (horns 2), (retaliatory headbutt)
a: Renounce Religion, Berserk, Trog's Hand, Brothers in Arms


You were in the Dungeon.
You worshipped Trog.
Trog was greatly pleased with you.
You were a filthy swine.
You visited 1 branch You collected 527 gold pieces.
You spent 171 gold pieces at shops.

Inventory:

Hand Weapons
 a - a +0 hand axe (melded)
Armour
 b - a +0 animal skin
 j - a +0 ring mail
 m - the +5 ring mail "Heq Zyr" (melded) {Dex+3}
   (You bought it in a shop in the Dungeon)

   Dex:       It affects your dexterity (+3).
Wands
 i - a wand of polymorph (10)
Scrolls
 e - 2 scrolls of identify {unknown}
 h - a scroll of blinking
 k - 3 scrolls of silence {unknown}
 l - a scroll of vulnerability {unknown}
Potions
 c - a potion of curing
 f - 2 potions of magic
 g - a potion of berserk rage
 n - a potion of flight {unknown}


   Skills:
 + Level 15.7 Fighting
 + Level 16.1 Axes
 + Level 10.9 Armour
 + Level 9.1 Dodging
 + Level 1.3 Stealth


You had 8 spell levels left.
You didn't know any spells.
Your spell library was empty.

Dungeon Overview and Level Annotations

Branches:
Dungeon (1/1)

Altars:
Cheibriados
Dithmenos
Elyvilon
Fedhas
Gozag
Hepliaklqana
Kikubaaqudgha
Makhleb
Nemelex Xobeh
Okawaru
Qazlal
Ru
Sif Muna
Trog
Uskayaw
Vehumet
Wu Jian
Xom
Yredelemnul
Zin
The Shining One
Jiyva
Lugonu

Shops:
D [

Annotations:
D Sonja


Innate Abilities, Weirdness & Mutations

You are a filthy swine.
You move quickly.
Your equipment is almost entirely melded.
You are incapable of wielding weapons or throwing items.
You cannot cast spells.
((You have a pair of horns on your head.))
((You reflexively headbutt those who attack you in melee.))


Message History

You hit Sonja.
Sonja is lightly wounded.
You feel sick. Sonja misses you. Sonja completely misses you.
Sonja hits you with a +2 dagger of draining.
You feel drained.
Sonja hits you with a +2 dagger of draining!
You feel drained.
* * * LOW HITPOINT WARNING * * *
Sonja hits you with a +2 dagger of draining.
* * * LOW HITPOINT WARNING * * *
You feel drained.
* * * LOW HITPOINT WARNING * * *
Sonja hits you with a +2 dagger of draining.
* * * LOW HITPOINT WARNING * * *
You feel drained.
* * * LOW HITPOINT WARNING * * *
Unknown command.
You feel much better.
You feel sick.
Sonja hits you with a +2 dagger of draining.
You feel drained.
Sonja hits you with a +2 dagger of draining.
* * * LOW HITPOINT WARNING * * *
You feel drained.
* * * LOW HITPOINT WARNING * * *
Sonja barely misses you. Sonja closely misses you.
Sonja hits you with a +2 dagger of draining.
* * * LOW HITPOINT WARNING * * *
You feel drained.
* * * LOW HITPOINT WARNING * * *
Sonja hits you with a +2 dagger of draining.
* * * LOW HITPOINT WARNING * * *
You feel drained.
You feel sick.
You are no longer poisoned.
Sonja hits you with a +2 dagger of draining!
* * * LOW HITPOINT WARNING * * *
You feel drained.
* * * LOW HITPOINT WARNING * * *
Sonja hits you with a +2 dagger of draining.
You die...

#..#####'#####'#__####...+
#..####..#...#.####)§#####
#..#__####..##.#§§§.§#
#..#_____##'#_.'§≈§)§+
#⌠⌠#_.∩...†..._#≈§§.)#
####_..__##_.#'##§####
#_____###+#.#...(#
#########.####§###
+hK$'.§.§.+ #$.$#######
##.## #+#


You could see Sonja.

Vanquished Creatures
  2 centaur warriors (D)
  A deep troll (D)
  2 kobold demonologists (D)
  A slime creature (D)
  A yak (D)
  Sigmund (D)
  A floating eye (D)
  An ogre (D)
  A jelly (D)
  Ijyb (D)
12 creatures vanquished.

Notes
Turn   | Place    | Note
-------+----------+-------------------------------------------
     0 | D        | boopmooplesden the Minotaur Berserker began the quest for
                  | the Orb.
     0 | D        | Reached XP level 1. HP: 19/19 MP: 0/0
     1 | D        | Noticed Ijyb
     5 | D        | Killed Ijyb
     6 | D        | Reached skill level 5 in Fighting
     6 | D        | Reached skill level 5 in Axes
     6 | D        | Reached XP level 2. HP: 30/30 MP: 1/1
    46 | D        | Noticed an ogre
    50 | D        | Killed an ogre
    51 | D        | Reached skill level 7 in Axes
    51 | D        | Reached XP level 3. HP: 31/40 MP: 2/2
    51 | D        | Reached XP level 4. HP: 38/48 MP: 3/3
   184 | D        | Noticed Sigmund
   200 | D        | Killed Sigmund
   200 | D        | Reached ** piety under Trog
   201 | D        | Reached skill level 9 in Axes
   201 | D        | Reached skill level 5 in Armour
   201 | D        | Reached XP level 5. HP: 15/58 MP: 4/4
   455 | D        | Found a shimmering blue altar of Sif Muna.
   456 | D        | Found an ornate altar of the Wu Jian Council.
   457 | D        | Found a radiant altar of Vehumet.
   462 | D        | Reached skill level 10 in Fighting
   462 | D        | Reached skill level 10 in Axes
   462 | D        | Reached skill level 5 in Dodging
   462 | D        | Reached XP level 6. HP: 30/66 MP: 5/5
   589 | D        | Found Lusi's Antique Armour Emporium.
   589 | D        | Found an ancient bone altar of Kikubaaqudgha.
   589 | D        | Found a hazy altar of Hepliaklqana.
   589 | D        | Found a stormy altar of Qazlal.
   589 | D        | Found a hide-covered altar of Uskayaw.
   589 | D        | Found a blossoming altar of Fedhas.
   589 | D        | Found a bloodstained altar of Trog.
   589 | D        | Found an iron altar of Okawaru.
   589 | D        | Found a basalt altar of Yredelemnul.
   589 | D        | Found a glowing golden altar of the Shining One.
   589 | D        | Found a snail-covered altar of Cheibriados.
   589 | D        | Found a sacrificial altar of Ru.
   589 | D        | Found a glowing silver altar of Zin.
   589 | D        | Found a shadowy altar of Dithmenos.
   589 | D        | Found a white marble altar of Elyvilon.
   589 | D        | Noticed a yak
   596 | D        | Killed a yak
   597 | D        | Reached skill level 11 in Axes
   597 | D        | Found an opulent altar of Gozag.
   598 | D        | Found a sparkling altar of Nemelex Xobeh.
   602 | D        | Bought a scorched ring mail for 171 gold pieces
   602 | D        | Identified the +5 ring mail "Heq Zyr" {Dex+3} (You bought
                  | it in a shop in the Dungeon)
   647 | D        | Found a viscous altar of Jiyva.
   647 | D        | Found a corrupted altar of Lugonu.
   647 | D        | Noticed a slime creature
   648 | D        | Found a burning altar of Makhleb.
   648 | D        | Found a shimmering altar of Xom.
   655 | D        | Killed a slime creature
   656 | D        | Reached skill level 12 in Axes
   656 | D        | Reached XP level 7. HP: 75/75 MP: 6/6
   735 | D        | Noticed a kobold demonologist
   736 | D        | Noticed a kobold demonologist
   738 | D        | Reached *** piety under Trog
   744 | D        | Killed a kobold demonologist
   745 | D        | Reached skill level 13 in Axes
   746 | D        | Killed a kobold demonologist
   746 | D        | Reached **** piety under Trog
   747 | D        | Reached skill level 1 in Stealth
   747 | D        | Reached XP level 8. HP: 86/86 MP: 7/7
   767 | D        | Noticed a centaur warrior
   769 | D        | Noticed a centaur warrior
   781 | D        | Killed a centaur warrior
   782 | D        | Reached skill level 14 in Axes
   791 | D        | Killed a centaur warrior
   792 | D        | Reached skill level 15 in Fighting
   792 | D        | Reached skill level 15 in Axes
   792 | D        | Reached skill level 10 in Armour
   792 | D        | Reached XP level 9. HP: 39/97 MP: 8/8
  1041 | D        | Noticed a deep troll
  1048 | D        | Killed a deep troll
  1049 | D        | Reached skill level 16 in Axes
  1104 | D        | Noticed Sonja
  1116 | D        | HP: 2/70 [Sonja/+2 dagger of draining (4)]
  1116 | D        | Slain by Sonja

Illustrated notes

Levels and vault maps discovered:
D:        dungeon_sprint_1 [red_sonja_temple_1, red_sonja_temple_small_1]

Skill      XL: |  1  2  3  4  5  6  7  8  9 |
---------------+----------------------------+-----
Fighting       | 5 7 9 10 11 13 15 | 15.7
Axes           | 5 7 9 10 12 13 15 16 | 16.1
Armour         | 3 4 5 7 8 10 | 10.9
Dodging        | 3 4 5 6 7 8 9 |  9.1
Stealth        | 1 |  1.3

Action                   |  1- 3 |  4- 6 |  7- 9 || total
-------------------------+-------+-------+-------++-------
Melee: Hand axe          |     6 |    28 |    34 ||    68
       Headbutt          |     1 |     5 |     8 ||    14
       Punch             |       |     1 |       ||     1
       Unarmed           |       |       |     5 ||     5
Invok: Berserk           |     2 |     3 |     3 ||     8
  Use: Potion            |       |       |     2 ||     2
Armor: Ring mail         |       |     3 |    31 ||    34
Dodge: Dodged            |     2 |     4 |    32 ||    38
